 Dungeon Crawl Stone Soup version 0.28.0-43-g3370ac3207 (webtiles) character file.

Game seed: 7984385318192204835

1136 demenzo the Poker (level 8, -2/54 (55) HPs)
             Began as an Octopode Fighter on Mar 14, 2022.
             Was an Initiate of Gozag.
             Slain by a wight
             ... wielding a +4 war axe
              (13 damage)
             ... on level 6 of the Dungeon.
             The game lasted 00:08:21 (7313 turns).

demenzo the Poker (Octopode Fighter)                Turns: 7313, Time: 00:08:21

HP:   -2/54 (55)    AC:  1    Str: 18    XL:     8   Next: 36%
MP:   8/8           EV: 12    Int: 15    God:    Gozag
Gold: 723           SH:  9    Dex: 11    Spells: 7/7 levels left

rFire   . . .      SeeInvis +   a - +0 trident (flame)
rCold   . . .      Faith    .   w - +0 kite shield "Uguiczesityq" {rPois Str+2 Int+3 SInv}
rNeg    . . .      Spirit   .   (helmet restricted)
rPois   +          Reflect  .   (no amulet)
rElec   .          Harm     .   (no ring)
rCorr   .          Rampage  .   (no ring)
Will    .....                   (no ring)
Stlth   ++++......              (no ring)
HPRegen 0.18/turn               (no ring)
MPRegen 0.11/turn               (no ring)
                                (no ring)
                                (no ring)

@: lightly drained
A: almost no armour, amphibious, 8 rings, camouflage 1, gelatinous body 1,
(nimble swimmer 1), tentacles
a: Renounce Religion, Potion Petition, Call Merchant, Bribe Branch


You were on level 6 of the Dungeon.
You worshipped Gozag.
Gozag was pleased with you.
You visited 1 branch of the dungeon, and saw 7 of its levels.
You also visited: Sewer.

You collected 749 gold pieces.
You paid 26 gold pieces to Gozag.

Inventory:

Hand Weapons
 a - a +0 trident of flaming (weapon)
Missiles
 e - 217 stones (quivered)
 g - 98 bolts
 i - 6 poisoned darts
 x - 31 sling bullets
Armour
 b - a +0 buckler
 w - the +0 kite shield "Uguiczesityq" (worn) {rPois Str+2 Int+3 SInv}
   (You found it on level 4 of the Dungeon)

   Str:       It affects your strength (+2).
   Int:       It affects your intelligence (+3).
   rPois:     It protects you from poison.
   SInv:      It lets you see invisible.
Wands
 o - a wand of mindburst (18)
Scrolls
 d - a scroll of fear {unknown}
 q - a scroll of immolation {unknown}
 r - 2 scrolls of vulnerability
 t - a scroll of acquirement {unknown}
 v - 2 scrolls of identify
Potions
 c - 2 potions of might
 f - 4 potions of curing
 j - 2 potions of resistance {unknown}
 k - 2 potions of magic {unknown}
 l - a potion of ambrosia {unknown}
 m - a potion of experience {unknown}
 n - a potion of invisibility
 p - a potion of heal wounds {unknown}
 s - a potion of berserk rage {unknown}
 u - 2 potions of brilliance {unknown}


   Skills:
 + Level 5.2 Fighting
 * Level 6.3 Polearms
 - Level 3.0 Dodging
 + Level 5.9 Stealth
 + Level 5.2 Shields


You had 7 spell levels left.
You didn't know any spells.
Your spell library contained the following spells:

 Spells                   Type           Power      Damage    Failure   Level
 Shock                    Conj/Air       0%         1d3       58%         1
 Slow                     Hex            0%         N/A       58%         1
 Confusing Touch          Hex            0%         N/A       92%         3
 Gell's Gravitas          Tloc           0%         N/A       92%         3
 Swiftness                Air            0%         N/A       92%         3
 Teleport Other           Tloc           0%         N/A       92%         3
 Vampiric Draining        Necr           0%         2d6       92%         3
 Airstrike                Air            0%         N/A       100%        4
 Dispersal                Tloc           0%         N/A       100%        6


Dungeon Overview and Level Annotations

Branches:
Dungeon (7/15)              Sewer (visited)
 Temple: D:4-7

Altars:
Gozag
Hepliaklqana
Kikubaaqudgha

Annotations:
D:6 Eustachio, Maggie


Innate Abilities, Weirdness & Mutations

You cannot wear most types of armour.
You are amphibious.
You can wear up to eight rings at the same time.
Your skin changes colour to match your surroundings (Stealth+).
Your rubbery body absorbs attacks. (AC +1, EV +1)
((You are camouflaged when in or above water. (Stealth+)))
You have tentacles for arms and can constrict up to eight enemies at once.


Message History

Found an escape hatch in the floor.
The electric eel shoots out a bolt of lightning at you!
The bolt of electricity hits the plant!
The plant begins to die.
The bolt of electricity hits you!
You hear a shout!
Unknown command.
Aiming: Mindburst
Press: ? - help, Shift-Dir - straight line, f - Eustachio
Aim: Eustachio, wielding a +4 rapier of protection and wearing a +0 leather armour (chance to affect: 64%) Eustachio struggles to resist.
Unknown command.
Aiming: Mindburst
Press: ? - help, Shift-Dir - straight line, f/p - Eustachio
Aim: Eustachio, wielding a +4 rapier of protection and wearing a +0 leather armour (chance to affect: 64%) Eustachio struggles to resist.
Unknown command.
Aiming: Mindburst
Press: ? - help, Shift-Dir - straight line, f/p - Eustachio
Aim: Eustachio, wielding a +4 rapier of protection and wearing a +0 leather armour (chance to affect: 64%) Eustachio struggles to resist.
Unknown command.
Aiming: Mindburst
Press: ? - help, Shift-Dir - straight line, f/p - Eustachio
Aim: Eustachio, wielding a +4 rapier of protection and wearing a +0 leather armour (chance to affect: 64%) Eustachio struggles to resist.
Aiming: Mindburst
Press: ? - help, Shift-Dir - straight line, f/p - Eustachio
Aim: Eustachio, wielding a +4 rapier of protection and wearing a +0 leather armour (chance to affect: 64%) Eustachio's mind is blasted!
Eustachio hits you with a +4 rapier of protection!
* * * LOW HITPOINT WARNING * * *
You block Eustachio's attack.
Found a stone staircase leading down.
Eustachio gestures wildly while chanting.
Eustachio blinks!
Eustachio mumbles some strange words.
Eustachio blinks!
The wight hits you with a +4 war axe!
You die...
Your body crumbles into a pile of gold.

##...z...!....
#.............
#.............
#.............
####.............
#......>.....?...
#.###...........(
###z#
##..........#
#.@.# ###########
#..### #..# #.#
#. . #


You could see a wight.

Vanquished Creatures
  Duvessa (D:4)
  A sky beast (D:5)
  2 centaurs
  A phantom (D:5)
  Blork the orc (D:4)
  2 scorpions
  Dowan (D:4)
  A water moccasin skeleton (D:5)
  A bullfrog zombie (D:4)
  Natasha (thrice) (D:3)
  2 iguanas
  2 orc wizards (D:3)
  A hell rat (Sewer)
  A hound skeleton (D:5)
  5 adders
  4 river rats (Sewer)
  An ufetubus (D:4)
  A worm (D:3)
  4 dart slugs
  11 orcs
  A ball python (D:1)
  6 endoplasms
  2 giant cockroaches (D:1)
  6 goblins
  6 hobgoblins
  11 jackals
  7 kobolds
  3 quokkas (D:3)
  4 bats
  2 frilled lizards
  11 rats
105 creatures vanquished.

Vanquished Creatures (others)
  6 plants (D:6)
6 creatures vanquished.

Grand Total: 111 creatures vanquished

Notes
Turn   | Place    | Note
-------+----------+-------------------------------------------
     0 | D:1      | demenzo the Octopode Fighter began the quest for the Orb.
     0 | D:1      | Reached XP level 1. HP: 16/16 MP: 1/1
   194 | D:1      | Reached XP level 2. HP: 16/21 MP: 2/2
   198 | D:1      | Reached skill level 1 in Stealth
   379 | D:1      | Reached XP level 3. HP: 26/26 MP: 3/3
  1132 | D:2      | Found an opulent altar of Gozag.
  1156 | D:2      | Became a worshipper of Gozag Ym Sagoz the Greedy
  1425 | D:2      | Reached skill level 3 in Polearms
  1562 | D:2      | Found a faded altar of an unknown god.
  1698 | D:3      | Reached XP level 4. HP: 31/31 MP: 4/4
  2325 | D:3      | Found an ancient bone altar of Kikubaaqudgha.
  2474 | D:3      | Noticed Natasha
  2481 | D:3      | Killed Natasha
  2482 | D:3      | Reached XP level 5. HP: 30/37 MP: 5/5
  2621 | D:3      | Noticed Natasha
  2627 | D:3      | Killed Natasha
  2848 | D:3      | Noticed Natasha
  2853 | D:3      | Killed Natasha
  3066 | D:3      | Found an ancient bone altar of Kikubaaqudgha.
  3335 | D:4      | Noticed a centaur
  3337 | D:4      | Noticed Dowan
  3351 | D:3      | Killed a centaur
  3352 | D:3      | Reached skill level 4 in Polearms
  3352 | D:3      | Reached XP level 6. HP: 6/43 MP: 6/6
  4095 | D:4      | Noticed Duvessa
  4532 | D:4      | Killed Duvessa
  4533 | D:4      | Reached XP level 7. HP: 32/49 MP: 7/7
  4767 | D:4      | Noticed Blork the orc
  4797 | D:4      | Identified the +0 kite shield "Uguiczesityq" {rPois Str+2
                  | Int+3 SInv}
  4861 | D:4      | Killed Blork the orc
  5086 | D:4      | Reached skill level 5 in Polearms
  5153 | D:4      | Killed Dowan
  5747 | D:5      | Entered Level 5 of the Dungeon
  5863 | D:4      | Reached skill level 5 in Stealth
  6248 | D:5      | Found a glowing drain.
  6259 | Sewer    | Entered a sewer
  6636 | D:5      | Reached skill level 5 in Fighting
  6636 | D:5      | Reached XP level 8. HP: 36/55 MP: 8/8
  6781 | D:5      | Reached skill level 5 in Shields
  6788 | D:5      | Reached skill level 6 in Polearms
  7170 | D:5      | Found a hazy altar of Hepliaklqana.
  7246 | D:5      | You fall into a shaft and drop 2 floors!
  7252 | D:6      | Noticed Eustachio
  7268 | D:6      | Noticed Maggie
  7313 | D:6      | Slain by a wight

Illustrated notes

Levels and vault maps discovered:
D:1:      saegor_arrival_simple_b, layout_basic
D:2:      layout_basic, dilly_ecumenical_altar_fadedgnrine, basic_altar,
          minmay_bisected
D:3:      layout_basic, mainiacjoe_overflow_surrounded_room, uniq_natasha
D:4:      layout_basic, uniq_blork_the_orc, uniq_duvessa
D:5:      layout_cave_pools, mainiacjoe_overflow_boulevard,
          portal_sewer_entry_d, serial_shops, shop
D:6:      layout_rooms, serial_bayou_lagoon_a, nrook_mini_backslash,
          uniq_maggie, uniq_eustachio, uniq_crazy_yiuf_cottage
D:7:      lemuel_ice_spiral_2, layout_rooms, minmay_temple_entry_purple_smoke,
          minivault_27

Skill      XL: |  1  2  3  4  5  6  7  8 |
---------------+-------------------------+-----
Stealth        | 1 2 3 4 5 |  5.9
Polearms       | 3 4 5 6 |  6.3
Fighting       | 4 5 |  5.2
Shields        | 4 5 |  5.2
Dodging        | |  3.0

Action                   |  1- 3 |  4- 6 |  7- 9 || total
-------------------------+-------+-------+-------++-------
Melee: Trident           |    78 |    77 |   106 ||   261
       Constrict         |    18 |    21 |    17 ||    56
       Tentacles         |    16 |    14 |    19 ||    49
       Punch             |     1 |     1 |     2 ||     4
Evoke: Wand              |       |       |     5 ||     5
  Use: Potion            |       |     1 |       ||     1
       Scroll            |       |       |    10 ||    10
 Stab: Sleeping          |    10 |     6 |     3 ||    19
       Distracted        |       |     1 |     2 ||     3
Armor: Skin              |     3 |     1 |     3 ||     7
Dodge: Dodged            |    26 |    41 |    44 ||   111
Block: Buckler           |    11 |    11 |       ||    22
       Kite shield       |       |       |    26 ||    26
